 Dungeon Sprint DCSS version 0.32-a0-411-g744942f433 (webtiles) character file.

Game seed: 17427951456887834435

0 shadowstone the Slasher (level 1, -2/18 HPs)
             Began as a Coglin Cinder Acolyte on Feb 20, 2024.
             Was a High Priest of Ignis.
             Slain by a goblin
             ... wielding a +0 club
              (3 damage)
             ... in the Dungeon (Sprint VI: "Thunderdome").
             The game lasted 00:01:05 (100 turns).

shadowstone the Slasher (Coglin Cinder Acolyte)      Turns: 100, Time: 00:01:06

Health: -2/18      AC:  2    Str: 14    XL:     1   Next: 90%
Magic:  2/2        EV: 11    Int: 13    God:    Ignis [*****.]
Gold:   200        SH:  0    Dex:  9    Spells: 2/2 levels left

rFire   + . .        a - -1 falchion (flame) {Ekveer}
rCold   . . .        (no shield)
rNeg    . . .        b - +0 robe
rPois   .            (no helmet)
rElec   .            (no cloak)
rCorr   .            (no gloves)
SInv    .            (no boots)
Will    .....        (no amulet)
Stlth   +            (no ring)
HPRegen 0.23/turn    (no ring)
MPRegen 0.08/turn

%: no teleportation
@: confused, immotile, revving
A: off-hand wielding, slow wielding, warmup strikes, legs shutdown
a: Renounce Religion, Fiery Armour, Foxfire Swarm, Rising Flame


You were in the Dungeon.
You worshipped Ignis.
Ignis was extremely pleased with you.
You visited 1 branch You collected 200 gold pieces.

Inventory:

Hand Weapons
 a - a -1 falchion of flaming (weapon) {Ekveer}
Armour
 b - a +0 robe (worn)
Wands
 j - a wand of acid (5)
 k - a wand of roots (5)
Scrolls
 h - 4 scrolls of blinking
 l - 3 scrolls of fog
Potions
 c - a potion of curing
 d - 4 potions of heal wounds
 e - 4 potions of haste
 f - 2 potions of magic
 g - a potion of berserk rage
 i - a potion of resistance


   Skills:
 + Level 3.5 Fighting
 + Level 3.9 Long Blades
 + Level 1.0 Spellcasting
 + Level 3.1 Fire Magic


You had 2 spell levels left.
You didn't know any spells.
Your spell library contained the following spells:

 Spells                   Type           Power      Damage    Failure   Level
 Scorch                   Fire           16%        2d5       12%         2


Dungeon Overview and Level Annotations

Branches:
Dungeon (1/1)

Altars:
Cheibriados
Dithmenos
Fedhas
Gozag
Kikubaaqudgha
Makhleb
Okawaru
Qazlal
Ru
Sif Muna
Trog
Uskayaw
Vehumet
Wu Jian
Xom
Yredelemnul
Zin
The Shining One
Beogh
Lugonu

Shops:
D *[=??*?*:[((!!!!

Annotations:
D Sigmund


Innate Abilities, Weirdness & Mutations

You can wield a second weapon in your off-hand.
It takes a long time for you to wield or remove held weapons.
Your first few attacks do less damage.
Attacking and casting redirects power from your legs.


Message History

You cannot move. (Use ctrl+direction or * direction to attack while stationary and confused.)
You cannot move. (Use ctrl+direction or * direction to attack while stationary and confused.)
You cannot move. (Use ctrl+direction or * direction to attack while stationary and confused.)
You cannot move. (Use ctrl+direction or * direction to attack while stationary and confused.)
You cannot move. (Use ctrl+direction or * direction to attack while stationary and confused.)
You cannot move. (Use ctrl+direction or * direction to attack while stationary and confused.)
You cannot move. (Use ctrl+direction or * direction to attack while stationary and confused.)
You cannot move. (Use ctrl+direction or * direction to attack while stationary and confused.)
You cannot move. (Use ctrl+direction or * direction to attack while stationary and confused.)
You cannot move. (Use ctrl+direction or * direction to attack while stationary and confused.)
You cannot move. (Use ctrl+direction or * direction to attack while stationary and confused.)
You cannot move. (Use ctrl+direction or * direction to attack while stationary and confused.)
You cannot move. (Use ctrl+direction or * direction to attack while stationary and confused.)
You cannot move. (Use ctrl+direction or * direction to attack while stationary and confused.)
You cannot move. (Use ctrl+direction or * direction to attack while stationary and confused.)
You cannot move. (Use ctrl+direction or * direction to attack while stationary and confused.)
You cannot move. (Use ctrl+direction or * direction to attack while stationary and confused.)
You cannot move. (Use ctrl+direction or * direction to attack while stationary and confused.)
You cannot move. (Use ctrl+direction or * direction to attack while stationary and confused.)
You cannot move. (Use ctrl+direction or * direction to attack while stationary and confused.)
You cannot move. (Use ctrl+direction or * direction to attack while stationary and confused.)
You cannot move. (Use ctrl+direction or * direction to attack while stationary and confused.)
You cannot move. (Use ctrl+direction or * direction to attack while stationary and confused.)
You cannot move. (Use ctrl+direction or * direction to attack while stationary and confused.)
You cannot move. (Use ctrl+direction or * direction to attack while stationary and confused.)
What are your orders? t - Shout!
Anything else - Cancel.
You shout for attention!
You are no longer unable to travel.
Sigmund hits you from afar with a +0 scythe!
Ouch! That really hurt!
* * * LOW HITPOINT WARNING * * *
The goblin hits you with a +0 club.
* * * LOW HITPOINT WARNING * * *
The goblin barely misses you. Sigmund casts a spell at you.
You are more confused.
You hit Sigmund but do no damage. The goblin hits you with a +0 club.
You die...
Ignis goes out, and joins you in death.

#∩.......∩# #_........#
#_......._# #_....†.._#
###.........###
#⌠...........⌠#
#####.ß.........ß.######
∩__.......###.o....___∩##
........ß.# #.ß@@......∩#
..........###...g........
.......###...###.........
.......# #.<.# #.........
.......###...###.........
..........###............
........ß.# #.ß........∩#
∩___......###......__.∩##
#####.ß.........ß.######


You could see Sigmund, an orc and a goblin.

Vanquished Creatures
  A ball python (D)
  An endoplasm (D)
  A hobgoblin (D)
3 creatures vanquished.

Notes
Turn   | Place    | Note
-------+----------+-------------------------------------------
     0 | D        | shadowstone the Coglin Cinder Acolyte began the quest for
                  | the Orb.
     0 | D        | Reached XP level 1. HP: 18/18 MP: 2/2
     4 | D        | Found a shimmering altar of Xom.
     4 | D        | Found an ornate altar of the Wu Jian Council.
     5 | D        | Found a blossoming altar of Fedhas.
     5 | D        | Found a sacrificial altar of Ru.
     5 | D        | Round 1.
     6 | D        | Found an iron altar of Okawaru.
     7 | D        | Found an ancient bone altar of Kikubaaqudgha.
     7 | D        | Found a corrupted altar of Lugonu.
     7 | D        | Found Deanoh's Staff Store.
     7 | D        | Found Goerun's Magic Scroll Shop.
     8 | D        | Found Zoeqoix's Must-Have Magic.
     8 | D        | Found Ucsybb's Magic Scroll Shop.
    21 | D        | Found a stormy altar of Qazlal.
    23 | D        | Found a glowing golden altar of the Shining One.
    26 | D        | Found Forch's Timeless Talismans.
    27 | D        | Found a radiant altar of Vehumet.
    27 | D        | Found a basalt altar of Yredelemnul.
    27 | D        | Found a snail-covered altar of Cheibriados.
    27 | D        | Found Pypniw's Identification Station.
    28 | D        | Found Vinayh's Jewellery.
    28 | D        | Found Jach's Advanced Armour.
    41 | D        | Found a bloodstained altar of Trog.
    45 | D        | Found a shadowy altar of Dithmenos.
    45 | D        | Found an opulent altar of Gozag.
    51 | D        | Found Rosujioh's Premium Goods.
    53 | D        | Found Ostet's Miscellaneous Merchandise.
    53 | D        | Found Uwamud's Basic Armour.
    56 | D        | Found a roughly hewn altar of Beogh.
    56 | D        | Found a burning altar of Makhleb.
    56 | D        | Found Boreunke's Weapon Rack.
    61 | D        | Found a glowing silver altar of Zin.
    63 | D        | Found a hide-covered altar of Uskayaw.
    66 | D        | Found Jejiwn's Do-It-Yourself Clinic.
    67 | D        | Found a shimmering blue altar of Sif Muna.
    67 | D        | Found Duevudog's Distillery.
    68 | D        | Found Wafute's Bottled Wisdom.
    68 | D        | Found Ilait's Distillery.
    90 | D        | Noticed Sigmund
   100 | D        | Slain by a goblin

Illustrated notes

Levels and vault maps discovered:
D:        arena_sprint

Skill      XL: |  1 |
---------------+----+-----
Fire Magic     | 3 |  3.1
Fighting       | |  3.5
Long Blades    | |  3.9
Spellcasting   | |  1.0

Action                     || total
---------------------------++-------
  Melee: Falchion          ||    10
 Armour: Robe              ||     7
  Dodge: Dodged            ||    10

Table legend: (Time is in decaauts)
 A = Elapsed time spent in this place.
 B = Non-inter-level travel time spent in this place.
 C = Inter-level travel time spent in this place.
 D = Time resting spent in this place.
 E = Time spent auto-exploring this place.
 F = Levels seen in this place.
 G = Mean time per level.
                   A        B        C        D        E       F      G
               +--------+--------+--------+--------+--------+-----+--------+
         Total |    101 |     99 |      2 |     12 |      0 |   1 |  101.0 |
       Dungeon |    101 |     99 |      2 |     12 |      0 |   1 |  101.0 |
               +--------+--------+--------+--------+--------+-----+--------+

Top non-repeatable levels by time:
       D: 101 daAuts
